 Dungeon Crawl Stone Soup version 0.20-a0-540-ge6d1839 (webtiles) character file.

1012 nikopol the Skirmisher (level 8, -8/51 HPs)
             Began as a Gargoyle Berserker on Jan 30, 2017.
             Was a Priest of Trog.
             Mangled by Voxish's ghost (11 damage)
             ... on level 6 of the Dungeon.
             The game lasted 00:09:06 (5687 turns).

nikopol the Skirmisher (Gargoyle Berserker)         Turns: 5687, Time: 00:09:06

Health: -8/51      AC: 14    Str: 22    XL:     8   Next: 21%
Magic:  8/8        EV: 11    Int:  8    God:    Trog [***...]
Gold:   372        SH:  0    Dex: 10    Spells: 7/7 levels left

rFire    . . .     SeeInvis +   a - +0 hand axe
rCold    . . .     Gourm    .   j - +0 scale mail
rNeg     + . .     Faith    .   (no shield)
rPois    ∞         Spirit   .   (no helmet)
rElec    +         Reflect  .   (no cloak)
rCorr    .         Harm     .   v - +1 pair of gloves
MR       .....                  (no boots)
Stlth    ..........             (no amulet)
Regen    0.2/turn               (no ring)
                                r - ring of see invisible

@: exhausted, slowed, very slow
A: negative energy resistance 1, electricity resistance, unbreathing,
petrification resistance, rot immunity, AC +5
a: Berserk, Trog's Hand, Burn Spellbooks, Renounce Religion


You were on level 6 of the Dungeon.
You worshipped Trog.
Trog was most pleased with you.
You were hungry.

You visited 1 branch of the dungeon, and saw 6 of its levels.

You collected 372 gold pieces.

Inventory:

Hand Weapons
 a - a +0 hand axe (weapon)
Missiles
 o - 17 arrows (quivered)
Armour
 b - a +0 animal skin
 e - a +0 ring mail
 j - a +0 scale mail (worn)
 v - a +1 pair of gloves (worn)
Jewellery
 r - a ring of see invisible (left hand)
 u - an uncursed amulet of magic regeneration {unknown}
 y - an uncursed amulet of magic regeneration {unknown}
Wands
 A - a wand of confusion (25/48)
 D - a wand of confusion (15/48)
Scrolls
 d - 3 scrolls of remove curse {unknown}
 f - 5 scrolls of identify {unknown}
 k - 2 scrolls of fear {unknown}
 m - a scroll of random uselessness {unknown}
 n - a scroll of recharging {unknown}
 p - a scroll of teleportation {unknown}
 q - a scroll of amnesia {unknown}
 x - 2 scrolls of immolation {unknown}
Potions
 h - 2 potions of lignification {unknown}
 i - 3 potions of magic {unknown}
 l - a potion of mutation {unknown}
 s - a potion of resistance {unknown}
 t - a potion of degeneration {unknown}
 w - a potion of brilliance {unknown}
 z - a potion of might {unknown}
 B - a potion of flight {unknown}
Comestibles
 c - 3 bread rations
 g - 4 meat rations


   Skills:
 + Level 6.1 Fighting
 + Level 4.7 Axes
 + Level 5.5 Armour
 + Level 4.1 Dodging


You had 7 spell levels left.
You didn't know any spells.

Dungeon Overview and Level Annotations

Branches:
Dungeon (6/15)             Temple (0/1) D:5

Altars:
Cheibriados
Nemelex Xobeh
Sif Muna
Yredelemnul

Annotations:
D:6 Voxish's ghost, novice MfSk


Innate Abilities, Weirdness & Mutations

You are resistant to torment.
Your stone body is resilient. (AC +5)
You are immune to poison.
You resist negative energy. (rN+)
You are resistant to electric shocks. (rElec)
You can survive without breathing.
You are immune to petrification.
You are immune to rotting.


Message History

You closely miss Voxish's ghost.
Voxish's ghost is severely damaged.
Voxish's ghost hits you.
* * * LOW HITPOINT WARNING * * *
You barely miss Voxish's ghost.
Voxish's ghost is severely damaged.
Voxish's ghost hits you!
* * * LOW HITPOINT WARNING * * *
You barely miss Voxish's ghost.
Voxish's ghost is severely damaged.
You miss Voxish's ghost.
Voxish's ghost is severely damaged.
You are no longer berserk.
You are exhausted.
You feel yourself slow down.
Voxish's ghost hits you but does no damage.
You barely miss Voxish's ghost.
Voxish's ghost is severely damaged.
Voxish's ghost hits you!
You die...

.....#..<............
.!........#..#.........
......................
........##.##.#.##...
........##...........
........#######......
....r...........##.##
#.##W#.##....#####...
..#.##@#.##....# #.##
...#.....#.........##....## ##.##
.........#.......#.###..... #....
...#.....#..#........'......#..##
.........#...........#.....##...#
..#......##.#.#..#.#.####..##..##
..#......##.###..#.#.# #..#
..#......## #..#.### ####..##
.........# #..#.# +.##....


You could see Voxish's ghost and a quokka.

Vanquished Creatures
  Grinder (D:4)
  2 ogres
  A scorpion (D:4)
  2 crimson imps
  A hound (D:4)
  4 orc priests
  5 orc wizards
  An iguana (D:3)
  2 worker ants (D:4)
  7 adders
  2 oozes
  An adder skeleton (D:4)
  An adder zombie (D:5)
  4 dart slugs
  4 leopard geckos
  15 orcs
  2 giant cockroaches
  5 goblins
  8 hobgoblins
  2 quokkas
  6 bats
  5 frilled lizards
  5 kobolds
  A leopard gecko skeleton (D:4)
  9 rats
  A spectral orc (D:2)
97 creatures vanquished.

Notes
Turn   | Place    | Note
-------+----------+-------------------------------------------
     0 | D:1      | nikopol the Gargoyle Berserker began the quest for the Orb.
     0 | D:1      | Reached XP level 1. HP: 14/14 MP: 1/1
   168 | D:1      | Reached XP level 2. HP: 19/19 MP: 2/2
   969 | D:2      | Found a basalt altar of Yredelemnul.
  1024 | D:2      | Reached XP level 3. HP: 24/24 MP: 3/3
  1468 | D:2      | Reached skill level 4 in Fighting
  1835 | D:3      | Reached ** piety under Trog
  1864 | D:3      | Reached XP level 4. HP: 29/29 MP: 4/4
  2256 | D:3      | Noticed an ogre
  2261 | D:3      | Killed an ogre
  2261 | D:3      | Reached XP level 5. HP: 20/34 MP: 5/5
  2657 | D:3      | Reached XP level 6. HP: 24/39 MP: 6/6
  2973 | D:4      | Reached skill level 5 in Fighting
  3007 | D:4      | Found a sparkling altar of Nemelex Xobeh.
  3223 | D:4      | Reached XP level 7. HP: 18/44 MP: 7/7
  3532 | D:4      | Noticed Grinder
  3552 | D:4      | Killed Grinder
  3552 | D:4      | Reached skill level 5 in Armour
  4098 | D:4      | Found a deep blue altar of Sif Muna.
  4161 | D:5      | Entered Level 5 of the Dungeon
  4443 | D:5      | Reached *** piety under Trog
  4443 | D:5      | Reached XP level 8. HP: 15/51 MP: 8/8
  4448 | D:5      | Reached skill level 6 in Fighting
  4750 | D:5      | Found a snail-covered altar of Cheibriados.
  4828 | D:5      | Found a staircase to the Ecumenical Temple.
  5649 | D:6      | Noticed Voxish's ghost (novice MfSk)
  5687 | D:6      | Mangled by Voxish's ghost

Vault maps used:
D:1:      minmay_arrival_glassed_features
D:2:      yredelemnul_forgotten_temple_becter
D:3:      first_bread
D:4:      nemelex_xobeh_ov_fountains_minmay, lemuel_blue_sif_altar, uniq_grinder
D:5:      lemuel_doored_altar, minmay_temple_entry_butterflies
D:6:      gammafunk_temple_overflow_statue, serial_shops, shop

Skill      XL: |  1  2  3  4  5  6  7  8 |
---------------+-------------------------+-----
Axes           | 3 4 |  4.7
Fighting       | 4 5 6 |  6.1
Dodging        | 2 3 4 |  4.1
Armour         | 3 4 5 |  5.5

Action                   |  1- 3 |  4- 6 |  7- 9 || total
-------------------------+-------+-------+-------++-------
Melee: Hand axe          |   113 |   144 |   223 ||   480
Invok: Berserk           |       |     4 |     3 ||     7
  Eat: Chunk             |     3 |     3 |    11 ||    17
       Bread ration      |       |     1 |       ||     1
Armor: Ring mail         |    18 |       |       ||    18
       Scale mail        |    40 |    80 |    93 ||   213
Dodge: Dodged            |    68 |   104 |   110 ||   282
